 Dungeon Crawl Stone Soup version 0.29.0-4-gdea44cf6ec (webtiles) character file.

Game seed: 12249545619227830925

278 qw the Sneak (level 6, -2/38 HPs)
             Began as a Gargoyle Delver on Sept 10, 2022.
             Slain by Sigmund
             ... wielding a +1 scythe of protection
              (9 damage)
             ... on level 2 of the Dungeon.
             The game lasted 00:01:07 (2335 turns).

qw the Sneak (Gargoyle Delver)                      Turns: 2335, Time: 00:01:08

Health: -2/38      AC: 16    Str: 18    XL:     6   Next: 26%
Magic:  6/6        EV:  5    Int: 10    God:
Gold:   161        SH:  0    Dex: 11    Spells: 5/5 levels left

rFire   . . .      SeeInvis .   Y - +1 hand axe
rCold   . . .      Faith    .   (no shield)
rNeg    + . .      Spirit   .   n - +0 plate armour
rPois   inf        Reflect  .   a - +0 helmet
rElec   +          Harm     .   (no cloak)
rCorr   .          Rampage  .   (no gloves)
Will    .....                   (no boots)
Stlth   ..........              (no amulet)
HPRegen 0.12/turn               (no ring)
MPRegen 0.10/turn               (no ring)

@: no status effects
A: sickness immunity, AC +4, negative energy resistance 1, electricity
resistance, torment resistance 1, petrification resistance
a: no special abilities


You were on level 2 of the Dungeon.
You visited 1 branch of the dungeon, and saw 5 of its levels.

You collected 161 gold pieces.


Innate Abilities, Weirdness & Mutations

You are immune to sickness and miasma.
Your stone body is resilient. (AC +4)
You are immune to poison.
You resist negative energy. (rN+)
You are resistant to electric shocks. (rElec)
You are resistant to unholy torment.
You are immune to petrification.


   Skills:
 - Level 4.0 Fighting
 - Level 5.0 Axes
 + Level 2.2 Armour
 - Level 1.5 Dodging
 - Level 5.4 Stealth


You had 5 spell levels left.
You didn't know any spells.
Your spell library was empty.

Inventory:

Hand Weapons
 d - a +0 club
 Y - a +1 hand axe (weapon)
Armour
 a - a +0 helmet (worn)
 n - a +0 plate armour (worn)
Jewellery
 b - a ring of ice
Wands
 g - a wand of digging (3)
Scrolls
 q - a scroll of identify
Potions
 f - a potion of haste
 i - a potion of curing {unknown}
 m - a potion of brilliance {unknown}
 o - a potion of heal wounds {unknown}
 r - a potion of flight {unknown}
 t - a potion of attraction {unknown}

Dungeon Overview and Level Annotations

Branches:
Dungeon (5/15)
 Temple: D:4-7

Altars:
Kikubaaqudgha

Annotations:
D:2 Sigmund


Message History

You are confused.
You're too confused to attack without stumbling around!
There is a strange disturbance nearby!
Something hits you but does no damage.
You're too confused to attack without stumbling around!
There is a strange disturbance nearby!
You're too confused to attack without stumbling around!
There is a strange disturbance nearby!
Something hits you but does no damage.
You're too confused to attack without stumbling around!
There is a strange disturbance nearby!
Something hits you.
You're too confused to attack without stumbling around!
There is a strange disturbance nearby!
You feel less confused.
You swing at nothing.
Something hits you but does no damage.
You swing at nothing.
Something hits you but does no damage.
You swing at nothing.
Something hits you.
You swing at nothing.
You swing at nothing.
Something hits you but does no damage.
You swing at nothing.
Something hits you.
You swing at nothing.
You swing at nothing.
Something hits you but does no damage.
You swing at nothing.
Something hits you but does no damage.
You swing at nothing.
You swing at nothing.
Something hits you but does no damage.
You swing at nothing.
Something hits you but does no damage.
You swing at nothing.
You swing at nothing.
Something hits you!
You die...

#......# #......#
#......#
#..<...#########~
#..[...##.......~
#......##.......~ ###
####......##.......)
#.###~~~......##........
......~....|....@.{.....
~.#......#..####........
~~...#####[.............
.~##~# #............).
..##~# #......##.#####
~##~~# #......# .#
~.#~.#####).....# .#
~.~~...%%.......# ##
.~~..#####......#


There were no monsters in sight!

Vanquished Creatures
  A necrophage (D:4)
  A scorpion (D:5)
  2 hounds
  Terence (D:2)
  2 adders (D:2)
  A worm (D:4)
  A dart slug (D:1)
  8 ball pythons
  3 endoplasms
  A giant cockroach (D:1)
  6 goblins
  3 hobgoblins
  2 jackals (D:1)
  4 quokkas
  2 bats
  5 frilled lizards
  3 kobolds
  8 rats
54 creatures vanquished.

Vanquished Creatures (others)
  A fungus (D:1)
  5 plants (D:1)
6 creatures vanquished.

Grand Total: 60 creatures vanquished

Notes
Turn   | Place    | Note
-------+----------+-------------------------------------------
     0 | D:5      | qw the Gargoyle Delver began the quest for the Orb.
     0 | D:5      | Reached XP level 1. HP: 14/14 MP: 1/1
     0 | D:5      | 0 ||| qw: Version: 0.1-a-116-g5d60599
     0 | D:5      | 0 ||| qw: Game counter: 7959
     0 | D:5      | 0 ||| qw: Always use a shield: true
     0 | D:5      | 0 ||| qw: God list: Okawaru
     0 | D:5      | 0 ||| qw: Allow faded altars: false
     0 | D:5      | 0 ||| qw: Do Orc after D:15 true
     0 | D:5      | 0 ||| qw: Do second Lair branch before Depths: true
     0 | D:5      | 0 ||| qw: Lair rune preference: random
     0 | D:5      | 0 ||| qw: Plans: Normal
     0 | D:5      | 0 ||| PLANNING D:1-11
     2 | D:5      | Noticed a scorpion
    20 | D:5      | Killed a scorpion
    21 | D:5      | Reached skill level 3 in Axes
    21 | D:5      | Reached XP level 2. HP: 12/19 MP: 2/2
    21 | D:5      | Reached XP level 3. HP: 14/23 MP: 3/3
   153 | D:5      | 153 ||| READING scroll labelled ARUC EGYOHO.
   154 | D:5      | 154 ||| DROPPING scroll of fog.
   155 | D:5      | 155 ||| DROPPING scroll of magic mapping.
   156 | D:5      | 156 ||| DROPPING scroll of fear.
   190 | D:4      | Reached XP level 4. HP: 21/28 MP: 4/4
   354 | D:4      | Noticed a necrophage
   369 | D:4      | Killed a necrophage
   370 | D:4      | Reached XP level 5. HP: 28/32 MP: 5/5
   511 | D:4      | Found an ancient bone altar of Kikubaaqudgha.
   538 | D:4      | 538 ||| READING scroll labelled ZULETI MATTI.
   539 | D:4      | 539 ||| DRINKING 2 sedimented dark potions.
   540 | D:4      | 540 ||| DROPPING potion of magic.
   570 | D:3      | 570 ||| Stepping ~*~*~tactically~*~*~ (stealth).
   574 | D:3      | 574 ||| Stepping ~*~*~tactically~*~*~ (stealth).
   935 | D:2      | 935 ||| UPGRADING to +0 helmet.
   940 | D:2      | 940 ||| UPGRADING to +0 scale mail.
   950 | D:2      | 950 ||| DROPPING +0 leather armour.
   951 | D:2      | 951 ||| UPGRADING to +0 chain mail.
   961 | D:2      | 961 ||| DROPPING +0 scale mail.
  1037 | D:1      | Reached XP level 6. HP: 34/38 MP: 6/6
  1119 | D:1      | Found a faded altar of an unknown god.
  1141 | D:1      | Reached skill level 1 in Armour
  1326 | D:1      | 1326 ||| Stepping ~*~*~tactically~*~*~ (hiding).
  1327 | D:1      | 1327 ||| Stepping ~*~*~tactically~*~*~ (hiding).
  1849 | D:1      | 1849 ||| UPGRADING to +0 plate armour.
  1859 | D:1      | 1859 ||| DROPPING +0 chain mail.
  1860 | D:1      | 1860 ||| READING scroll labelled OHUEPU MOEG.
  1861 | D:1      | 1861 ||| READING scroll labelled FUPHEA KIURGH.
  1862 | D:1      | 1862 ||| READING scroll labelled OSOERH LYADWO.
  1863 | D:1      | 1863 ||| READING scroll labelled BEFEECE SEIPN.
  1864 | D:1      | 1864 ||| READING scroll labelled RYALOOSTOW.
  1865 | D:1      | 1865 ||| READING scroll labelled VYASSEUCEDD.
  1868 | D:1      | 1868 ||| READING scroll labelled SAIGGU EFOTI.
  1968 | D:2      | 1968 ||| Stepping ~*~*~tactically~*~*~ (stealth).
  1982 | D:2      | Noticed Terence
  1983 | D:2      | 1983 ||| Stepping ~*~*~tactically~*~*~ (hiding).
  1997 | D:2      | HP: 7/38 [Terence/puff of flame (11)]
  1999 | D:2      | Killed Terence
  2292 | D:2      | Noticed Sigmund
  2324 | D:2      | HP: 8/38 [something (4)]
  2335 | D:2      | Slain by Sigmund

Levels and vault maps discovered:
D:1:      tarquinn_simple_flora_water_a, layout_loops_ring,
          shapermc_ecumenical_altar_mp_ritualfount, minivault_27,
          minmay_circled_x
D:2:      layout_rooms, serial_rivers, chequers_serial_rivers_small_b,
          chequers_serial_rivers_micro_b, chequers_serial_rivers_large_a,
          chequers_serial_rivers_room_b, chequers_serial_rivers_small_b,
          chequers_serial_rivers_micro_d, chequers_serial_rivers_small_b,
          minmay_pentomino_z4, uniq_terence, uniq_sigmund
D:3:      layout_rooms, demons_altar, serial_shops, shop, serial_rivers,
          chequers_serial_rivers_large_b, chequers_serial_rivers_micro_d,
          chequers_serial_rivers_small_b, chequers_serial_rivers_micro_a,
          chequers_serial_rivers_micro_e
D:4:      layout_basic, mainiacjoe_overflow_concentric_impassable,
          guppyfry_early_orc_mine, uniq_robin, uniq_pikel
D:5:      layout_basic, trog_book, uniq_blork_the_orc, uniq_menkaure

Skill      XL: |  1  2  3  4  5  6 |
---------------+-------------------+-----
Axes           | 3 4 5 |  5.0
Fighting       | 4 |  4.0
Armour         | 2 |  2.2
Dodging        | |  1.5
Stealth        | |  5.4

Action                   |  1- 3 |  4- 6 || total
-------------------------+-------+-------++-------
Melee: Hand axe          |    20 |   183 ||   203
  Use: Scroll            |     1 |     8 ||     9
       Potion            |       |     1 ||     1
Armor: Leather armour    |     3 |    33 ||    36
       Chain mail        |       |    40 ||    40
       Plate armour      |       |    30 ||    30
Dodge: Dodged            |    14 |    72 ||    86

Table legend:
 A = Non-vault XP
 B = Vault XP
 C = Vault XP percentage of total XP
 D = Non-vault monster count
 E = Vault monster count
 F = Vault count percentage of total count
                 A         B        C        D         E       F
            +---------+---------+-------+---------+---------+-------
      Total |     350 |      48 |  12.1 |      45 |       9 |  16.7
            +---------+---------+-------+---------+---------+-------
        D:1 |      44 |       6 |  12.0 |      28 |       4 |  12.5
        D:2 |      36 |      42 |  53.8 |       9 |       5 |  35.7
        D:3 |      45 |       0 |   0.0 |       3 |       0 |   0.0
        D:4 |     145 |       0 |   0.0 |       4 |       0 |   0.0
        D:5 |      80 |       0 |   0.0 |       1 |       0 |   0.0
            +---------+---------+-------+---------+---------+-------
